 Dungeon Crawl Stone Soup version 0.15.2 (webtiles) character file.

25 kae the Firebug (level 3, 0/19 HPs)
             Began as a Tengu Fire Elementalist on Nov 3, 2014.
             Slain by a hobgoblin
             ... wielding a +0 club
              (4 damage)
             ... on Level 2 of the Dungeon.
             The game lasted 00:01:31 (831 turns).

kae the Firebug (Tengu Fire Elementalist)            Turns: 831, Time: 00:01:31

HP   0/19        AC  2     Str  8      XL: 3   Next:  4%
MP   0/7         EV 12     Int 16      God:
Gold 25          SH  0     Dex 14      Spells:  1 memorised,  5 levels left

rFire  . . .     SeeInvis .     (no weapon)
rCold  . . .     Clarity  .     a - +0 robe
rNeg   . . .     rCorr    .     (no shield)
rPois  .         rRot     .     (helmet restricted)
rElec  .         Spirit   .     (no cloak)
SustAb .         Warding  .     (no gloves)
rMut   .         Stasis   .     (boots unavailable)
Gourm  .                        (no amulet)
MR     .....                    (no ring)
                                (no ring)

@: confused, not resistant to hostile enchantments, very unstealthy
A: beak, talons 3
a: no special abilities


You were on level 2 of the Dungeon.
You were not hungry.

You visited 1 branch of the dungeon, and saw 2 of its levels.

You collected 25 gold pieces.

Inventory:

Armour
 a - a +0 robe (worn)
Comestibles
 c - a bread ration
 f - 3 beef jerkies
Scrolls
 d - 2 scrolls of identify {unknown}
 g - a scroll of recharging {unknown}
Books
 b - a book of Flames

   Spells                             Type                      Level
   *Flame Tongue                      Conjuration/Fire             1
   Throw Flame                        Conjuration/Fire             2
   Conjure Flame                      Conjuration/Fire             3
   Inner Flame                        Hexes/Fire                   3
   Sticky Flame                       Conjuration/Fire             4
   Fireball                           Conjuration/Fire             5


   Skills:
 - Level 2.1 Dodging
 - Level 2.0 Stealth
 + Level 2.1 Spellcasting
 * Level 3.1 Conjurations
 * Level 3.7 Fire Magic


You had 5 spell levels left.
You knew the following spells:

 Your Spells              Type           Power        Failure   Level  Hunger
a - Flame Tongue          Conj/Fire      ##...        8%          1    #......


Dungeon Overview and Level Annotations

Branches:
Dungeon (2/15)

Altars:


Innate Abilities, Weirdness & Mutations

You have a beak for a mouth.
You have claws for feet.


Message History

The flame tongue hits the adder.
You kill the adder!
Your Conjurations skill increases to level 3!
You have reached level 3!
Your experience leads to an increase in your attributes!
Increase (S)trength, (I)ntelligence, or (D)exterity?
You feel clever. The hobgoblin closely misses you.
Drink which item? (? for menu, Esc to quit)
You are confused.
It was a potion of confusion.
You barely miss the hobgoblin. You claw the hobgoblin.
The hobgoblin is almost dead.
The hobgoblin barely misses you.
You barely miss the hobgoblin. Your kick misses the hobgoblin.
The hobgoblin is almost dead.
You feel sick.
You are no longer poisoned.
The hobgoblin hits you with a club.
You die...

.#.# # ##....# #
#.#.###..... ...#.# #
####.#........# #..#.# #
......#........# #..#.# #
.....#........# #..#.# #
....#........# #..#.###
#..#........# #.......
#.#.#..#g.......###.#.....
#........@.....>'.........
#.......#.......###.......
#......!+...##############
#.......##### #..........
#...############.#########
... ...........####... .
.######.#....#.#.
......#.####.#...
...........##.####


You could see a hobgoblin.

Vanquished Creatures
  An adder (D:2)
  An ooze (D:2)
  A hobgoblin (D:1)
  2 jackals (D:1)
  3 kobolds (D:1)
  3 bats
  A giant newt (D:2)
  2 goblins (D:1)
  2 rats (D:1)
16 creatures vanquished.

Notes
Turn   | Place    | Note
--------------------------------------------------------------
     0 | D:1      | kae, the Tengu Fire Elementalist, began the quest for the Orb.
     0 | D:1      | Reached XP level 1. HP: 10/10 MP: 3/3
     0 | D:1      | Noticed an ice dragon
     3 | D:1      | Noticed an orb of fire
     3 | D:1      | Noticed an orb of fire
     5 | D:1      | Noticed a tentacled monstrosity
     6 | D:1      | Noticed a red draconian
     7 | D:1      | Noticed an iron dragon
     8 | D:1      | Noticed a shadow dragon
    10 | D:1      | Noticed a pale draconian
    12 | D:1      | Noticed an orb of fire
    12 | D:1      | Noticed a shadow dragon
    13 | D:1      | Noticed an iron dragon
    14 | D:1      | Noticed a large abomination
    14 | D:1      | Noticed an iron dragon
    16 | D:1      | Noticed an ice dragon
    16 | D:1      | Noticed a green draconian
    18 | D:1      | Noticed a golden dragon
   521 | D:1      | Reached XP level 2. HP: 13/15 MP: 5/5
   828 | D:2      | Reached XP level 3. HP: 5/19 MP: 0/7
   831 | D:2      | Slain by a hobgoblin

Action                   || total
-------------------------++-------
Melee: Unarmed           ||    38
 Cast: Flame Tongue      ||    23
  Use: Potion            ||     1
 Stab: Sleeping          ||     2
